 Dungeon Crawl Stone Soup version 0.23.2-1-ga50397a (webtiles) character file.

Game seed: 838697509082746610

556 Kairos the Ruffian (level 7, -2/56 (57) HPs)
             Began as a Ghoul Warper on Apr 23, 2019.
             Killed from afar by an orc wizard (6 damage)
             ... with a magic dart
             ... on level 4 of the Dungeon.
             The game lasted 00:06:20 (4082 turns).

Kairos the Ruffian (Ghoul Warper)                   Turns: 4082, Time: 00:06:21

HP:   -2/56 (57)    AC:  4    Str: 17    XL:     7   Next: 30%
MP:   8/8           EV: 12    Int:  8    God:
Gold: 150           SH:  0    Dex:  8    Spells: 9/9 levels left

rFire    . . .     SeeInvis .     - Unarmed
rCold    + . .     Gourm    .   (no shield)
rNeg     + + +     Faith    .   a - +0 leather armour
rPois    ∞         Spirit   .   h - +0 helmet
rElec    .         Reflect  .   (no cloak)
rCorr    .         Harm     .   (no gloves)
MR       .....                  (no boots)
Stlth    +.........             (no amulet)
HPRegen  0.00/turn              (no ring)
MPRegen  0.11/turn              (no ring)

@: rotting, slowed, very slow
A: rotting body, claws 1, carnivore, cold resistance 1, negative energy
resistance 3, inhibited regeneration, torment resistance, unbreathing
a: no special abilities


You were on level 4 of the Dungeon.
You were not hungry.

You visited 1 branch of the dungeon, and saw 4 of its levels.

You collected 150 gold pieces.

Inventory:

Missiles
 d - 3 tomahawks of dispersal (quivered)
Armour
 a - a +0 leather armour (worn)
 h - a +0 helmet (worn)
Scrolls
 c - a scroll of blinking
 e - 2 scrolls of enchant armour
 g - a scroll of noise {unknown}
 j - 3 scrolls of teleportation
 k - 4 scrolls of remove curse {unknown}
 l - 6 scrolls of identify
 o - a scroll of fog {unknown}
Potions
 b - 2 potions of lignification
 i - a potion of curing {unknown}
 m - a potion of ambrosia {unknown}
 n - a potion of magic {unknown}
Comestibles
 f - 10 rations


   Skills:
 + Level 3.4 Fighting
 + Level 0.8 Throwing
 + Level 3.1 Armour
 + Level 3.4 Dodging
 + Level 1.1 Stealth
 + Level 5.8 Unarmed Combat
 + Level 1.9 Spellcasting
   Level 2.6 Translocations


You had 9 spell levels left.
You didn't know any spells.
Your spell library contained the following spells:

 Spells                   Type           Power        Failure   Level  Hunger
 Blink                    Tloc           N/A          22%         2    ###....
 Shroud of Golubria       Chrm/Tloc      #.........   36%         2    ###....
 Gell's Gravitas          Tloc           #.........   38%         3    ####...
 Lesser Beckoning         Tloc           #.........   38%         3    ####...
 Teleport Other           Tloc           #.......     38%         3    ####...
 Passage of Golubria      Tloc           N/A          80%         4    #####..


Dungeon Overview and Level Annotations

Branches:
Dungeon (4/15)
 Temple: D:4-7

Altars:
Ashenzari
Cheibriados
Dithmenos
Gozag
Makhleb
Ru
Xom


Innate Abilities, Weirdness & Mutations

Your body is rotting away.
You thrive on raw meat.
You are immune to poison.
You have sharp fingernails.
You are carnivorous and can eat meat at any time.
Your flesh is cold resistant. (rC+)
You are immune to negative energy. (rN+++)
You do not regenerate when monsters are visible.
You are immune to unholy pain and torment.
You can survive without breathing.


Message History

The orc wizard casts a spell at you. The puff of frost hits you. You resist.
* * * LOW HITPOINT WARNING * * *
The orc wizard mumbles some strange words.
The orc wizard blinks!
The orc wizard points at you and mumbles some strange words.
The puff of frost hits you. You resist.
* * * LOW HITPOINT WARNING * * *
The orc wizard gestures wildly while chanting.
The orc wizard blinks!
Throwing (i - inventory)
d - 4 tomahawks of dispersal (quivered)
Press: ? - help, Shift-Dir - straight line, f - orc wizard
Aim: an orc wizard, wielding a +0 dagger and wearing a +0 robe (translocational energy, fast)
You throw a tomahawk of dispersal.
The tomahawk of dispersal hits the orc wizard but does no damage.
The orc wizard casts a spell.
The orc wizard blinks!
The orc wizard gestures at you while chanting.
The magic dart hits you.
You die...

#........ #. #.)......
.## ########o.......
.... ##.<.............
..## #.....{..>....#..
###.
#.#################...
#.## #......
#.o######## #......
##.oo@)§..## #.....#
########..# ###.....#
##..# .......)#
##..#...##.....) #####
##.####.##.......
.....####.##
.##....... ......#..#
......... #....##
........# ##..##
#########....#


You could see 3 orc wizards.

Vanquished Creatures
  2 ogres (D:4)
  2 scorpions (D:4)
  Natasha (thrice) (D:2)
  A worker ant (D:4)
  9 adders
  5 oozes
  A worm (D:2)
  A dart slug (D:2)
  5 leopard geckos
  5 orcs
  4 giant cockroaches
  7 goblins
  9 hobgoblins
  4 jackals (D:1)
  2 quokkas (D:3)
  A ball python (D:2)
  A ball python skeleton (D:4)
  6 bats
  7 frilled lizards
  12 kobolds
  5 rats
92 creatures vanquished.

Notes
Turn   | Place    | Note
-------+----------+-------------------------------------------
     0 | D:1      | Kairos the Ghoul Warper began the quest for the Orb.
     0 | D:1      | Reached XP level 1. HP: 17/17 MP: 2/2
   132 | D:1      | Reached XP level 2. HP: 19/24 MP: 3/3
   232 | D:1      | Reached XP level 3. HP: 14/30 MP: 4/4
   253 | D:1      | Reached skill level 1 in Armour
   438 | D:1      | Reached skill level 3 in Unarmed Combat
   988 | D:2      | Reached XP level 4. HP: 16/37 MP: 5/5
  1128 | D:2      | Found a snail-covered altar of Cheibriados.
  1913 | D:2      | Found a sacrificial altar of Ru.
  2016 | D:2      | Found a burning altar of Makhleb.
  2017 | D:2      | Found a shadowy altar of Dithmenos.
  2031 | D:2      | Reached XP level 5. HP: 40/44 MP: 6/6
  2060 | D:2      | Found a shimmering altar of Xom.
  2289 | D:2      | Noticed Natasha
  2311 | D:2      | Killed Natasha
  2696 | D:2      | Noticed Natasha
  2706 | D:2      | Killed Natasha
  2706 | D:2      | Reached skill level 4 in Unarmed Combat
  2851 | D:2      | Noticed Natasha
  2864 | D:2      | Killed Natasha
  2996 | D:3      | Reached XP level 6. HP: 33/51 MP: 7/7
  3095 | D:3      | Found an opulent altar of Gozag.
  3613 | D:4      | Reached skill level 5 in Unarmed Combat
  3876 | D:4      | Found a shattered altar of Ashenzari.
  3977 | D:4      | Reached skill level 1 in Stealth
  3977 | D:4      | Reached XP level 7. HP: 16/55 MP: 8/8
  4082 | D:4      | Killed from afar by an orc wizard

Skill      XL: |  1  2  3  4  5  6  7 |
---------------+----------------------+-----
Dodging        | 2 3 |  3.4
Armour         | 1 2 3 |  3.1
Unarmed Combat | 3 4 5 |  5.8
Fighting       | 3 |  3.4
Stealth        | 1 |  1.1
Throwing       | |  0.8
Spellcasting   | |  1.9
Translocations | |  2.6

Action                   |  1- 3 |  4- 6 |  7- 9 || total
-------------------------+-------+-------+-------++-------
Melee: Unarmed           |   127 |   256 |    31 ||   414
       Punch             |     1 |     3 |     1 ||     5
Throw: Tomahawk          |       |       |     2 ||     2
  Use: Scroll            |     3 |       |       ||     3
  Eat: Chunk             |    17 |    18 |    12 ||    47
Armor: Leather armour    |    31 |    51 |    10 ||    92
Dodge: Dodged            |    79 |   171 |    29 ||   279
